AoeStats
← Saxolive5888

Arabian Desert

510737279Analyzed
1v1 RM · 13h ago on Oct 2, 2026· 44m 24s· 2 players
Game mode
Random Map
Map size
Tiny (2 player)
Population
200
Speed
Normal
Resources
Standard
Victory
Conquest
Starting age
Dark Age
Ending age
Imperial Age
RankedLock teamsTeams togetherTeam positionsShared explorationLock speedFull tech treeHidden civsTurbo modeCheats
Victory
Defeat
🇮🇳 Portuguese · India
614
+19
🇨🇿 Vietnamese · Czechia
681
-19
Nahaia
0:52 Loom
12:09 Feudal Age
13:29 Wheelbarrow
12:40 Town Watch
12:48 Double-Bit Axe
14:17 Wheelbarrow
14:47 Arson
24:35 Castle Age
26:15 Forging
25:57 Fletching
25:32 Elite Skirmisher
25:36 Pikeman
29:48 Light Cavalry
30:38 Bloodlines
32:30 Husbandry
32:56 Murder Holes
40:01 Imperial Age
38:01 Thumb Ring
41:07 Conscription
41:53 Chemistry
Saxolive5888
10:05 Loom
13:38 Feudal Age
14:16 Double-Bit Axe
14:15 Horse Collar
16:34 Fletching
18:48 Wheelbarrow
24:25 Castle Age
22:45 Padded Archer Armor
23:30 Gold Mining
24:43 Crossbowman
25:29 Thumb Ring
25:42 Bow Saw
25:47 Heavy Plow
34:58 Imperial Age
32:45 Hand Cart
34:02 Ballistics
35:27 Arbalester
38:10 Murder Holes
39:16 Chemistry
44:01 Two-Man Saw
Connection lost

Rejoining the realm…

Still unreachable

The connection could not be restored.

Session expired

The server has moved on; the page needs a fresh start.